 Dungeon Crawl Stone Soup version 0.19.1-1-g22dce08 (webtiles) character file.

184 nikopol the Skirmisher (level 5, 0/34 HPs)
             Began as a Gargoyle Berserker on Jan 9, 2017.
             Was a Believer of Trog.
             Killed by divine providence
             ... invoked by an orc priest
              (11 damage)
             ... on level 3 of the Dungeon.
             The game lasted 00:04:58 (2174 turns).

nikopol the Skirmisher (Gargoyle Berserker)         Turns: 2174, Time: 00:04:58

Health: 0/34       AC: 13    Str: 20    XL:     5   Next: 63%
Magic:  5/5        EV:  8    Int:  8    God:    Trog [**....]
Gold:   51         SH:  0    Dex: 10    Spells: 0 memorised, 4 levels left

rFire  . . .     SeeInvis .     a - -2 war axe (curse)
rCold  . . .     Gourm    .     e - +0 chain mail
rNeg   + . .     Faith    .     (no shield)
rPois  ∞         Spirit   .     (no helmet)
rElec  +         Reflect  .     (no cloak)
rCorr  .         Harm     .     (no gloves)
MR     .....                    (no boots)
Stlth  ..........               (no amulet)
                                (no ring)
                                (no ring)

@: no status effects
A: negative energy resistance 1, electricity resistance, unbreathing,
petrification resistance, rot immunity, AC +4
a: Berserk, Trog's Hand, Burn Spellbooks, Renounce Religion


You were on level 3 of the Dungeon.
You worshipped Trog.
Trog was pleased with you.
You were very hungry.

You visited 1 branch of the dungeon, and saw 3 of its levels.

You collected 51 gold pieces.

Inventory:

Hand Weapons
 a - a cursed -2 war axe (weapon)
 q - a +0 hand axe
Missiles
 d - 59 arrows (quivered)
Armour
 b - a +0 animal skin
 e - a +0 chain mail (worn)
Jewellery
 i - an uncursed ring of wizardry {unknown}
Scrolls
 f - 3 scrolls of identify {unknown}
 g - a scroll of teleportation {unknown}
 j - a scroll of blinking {unknown}
 k - a scroll of noise {unknown}
 n - a scroll of fear {unknown}
Potions
 h - a potion of brilliance {unknown}
 l - 2 potions of magic {unknown}
 m - 2 potions of agility {unknown}
Comestibles
 c - a bread ration
 o - 3 fruits
 p - 3 chunks of flesh
 r - a slice of pizza


   Skills:
 + Level 4.5 Fighting
 + Level 3.6 Axes
 + Level 3.4 Armour
 + Level 2.6 Dodging


You had 4 spell levels left.
You didn't know any spells.

Dungeon Overview and Level Annotations

Branches:
Dungeon (3/15)

Altars:
Vehumet


Innate Abilities, Weirdness & Mutations

You are resistant to torment.
Your stone body is resilient. (AC +4)
You are immune to poison.
You resist negative energy. (rN+)
You are resistant to electric shocks. (rElec)
You can survive without breathing.
You are immune to petrification.
You are immune to rotting.


Message History

The orc priest is heavily wounded.
Your chain mail prevents you from hitting the kobold.
The kobold hits you but does no damage.
The orc priest hits you but does no damage.
You hit the orc priest.
The orc priest is severely wounded.
You barely miss the kobold. The kobold hits you with a whip.
The orc priest hits you but does no damage.
The kobold hits you but does no damage.
You barely miss the orc priest.
The orc priest is severely wounded.
You slash the kobold!
You kill the kobold!
Trog accepts your kill.
The orc priest hits you with a hand axe. x2
Your chain mail prevents you from hitting the orc priest.
The orc priest is severely wounded.
The orc priest mumbles some strange prayers to Beogh against you.
Beogh smites you!
You die...

..... ###....#..#
.....[#...<.....#
......#.##...#.##
........##...# #
####+##.###..#
#####.##.# ..#
.......$.# ..#
#######..###..#.##
#...@o......
#.###)..#... #(#
..>.... #.#
.#..... #.#
....... ..# ##
.... ).# ... ..<


You could see an orc priest.

Vanquished Creatures
  The ghost of nikopol the Skirmisher, an amateur GrBe of Trog (D:3)
  3 adders
  3 oozes (D:1)
  A dart slug (D:2)
  2 leopard geckos
  3 orcs (D:3)
  2 ball pythons (D:2)
  4 bats
  2 giant cockroaches (D:1)
  7 goblins
  9 hobgoblins
  3 frilled lizards
  12 kobolds
  9 rats
61 creatures vanquished.

Notes
Turn   | Place    | Note
-------+----------+-------------------------------------------
     0 | D:1      | nikopol the Gargoyle Berserker began the quest for the Orb.
     0 | D:1      | Reached XP level 1. HP: 14/14 MP: 1/1
    44 | D:1      | Reached XP level 2. HP: 19/19 MP: 2/2
   236 | D:1      | Reached XP level 3. HP: 23/23 MP: 3/3
  1468 | D:2      | Reached skill level 4 in Fighting
  1468 | D:2      | Reached XP level 4. HP: 27/29 MP: 4/4
  1473 | D:2      | Reached ** piety under Trog
  1530 | D:2      | Found a faded altar of an unknown god.
  1530 | D:2      | Found a faded altar of an unknown god.
  1535 | D:2      | Found a faded altar of an unknown god.
  1537 | D:2      | Found a radiant altar of Vehumet.
  1539 | D:2      | Found a faded altar of an unknown god.
  2095 | D:3      | Noticed nikopol's ghost (amateur GrBe)
  2103 | D:3      | Killed nikopol's ghost
  2103 | D:3      | Reached XP level 5. HP: 34/34 MP: 5/5
  2174 | D:3      | Killed from afar by an orc priest

Skill      XL: |  1  2  3  4 |
---------------+-------------+-----
Dodging        | 2 |  2.6
Axes           | 3 |  3.6
Fighting       | 4 |  4.5
Armour         | 3 |  3.4

Action                   |  1- 3 |  4- 6 || total
-------------------------+-------+-------++-------
Melee: Hand axe          |   102 |       ||   102
       War axe           |    24 |   109 ||   133
Invok: Berserk           |       |     1 ||     1
 Stab: Sleeping          |     1 |       ||     1
  Eat: Chunk             |     2 |     2 ||     4
Armor: Animal skin       |    10 |       ||    10
       Chain mail        |    65 |    87 ||   152
Dodge: Dodged            |    73 |    59 ||   132
